 Dungeon Crawl Stone Soup version 0.20.1-1-g8b1a95d (webtiles) character file.

142 Kosschaser the Sneak (level 5, -3/37 HPs)
             Began as a Merfolk Enchanter on July 4, 2017.
             Killed from afar by Robin (10 damage)
             ... with a wand of flame (?/48)
             ... on level 3 of the Dungeon on July 5, 2017.
             The game lasted 00:14:27 (2253 turns).

Kosschaser the Sneak (Merfolk Enchanter)            Turns: 2253, Time: 00:14:28

Health: -3/37      AC:  3    Str:  8    XL:     5   Next: 24%
Magic:  2/8        EV: 13    Int: 14    God:
Gold:   127        SH:  0    Dex: 16    Spells: 2/8 levels left

rFire    . . .     SeeInvis .   p - +0 short sword
rCold    . . .     Gourm    .   (no shield)
rNeg     . . .     Faith    .   b - +0 robe
rPois    .         Spirit   .   (no helmet)
rElec    .         Reflect  .   (no cloak)
rCorr    .         Harm     .   g - +0 pair of gloves
MR       .....                  (no boots)
Stlth    +++.......             m - amulet of regeneration
Regen    0.6/turn               n - ring of flight
MPRegen  0.2/turn               (no ring)

@: no status effects
A: change form in water, swift swim, stealthy swim
a: Evoke Flight


You were on level 3 of the Dungeon.
You were not hungry.

You visited 1 branch of the dungeon, and saw 3 of its levels.

You collected 127 gold pieces.

Inventory:

Hand Weapons
 p - a +0 short sword (weapon)
Armour
 b - a +0 robe (worn)
 g - a +0 pair of gloves (worn)
Jewellery
 m - an amulet of regeneration (around neck)
 n - a ring of flight (left hand)
Wands
 q - a wand of random effects (16/48)
Scrolls
 a - a scroll of amnesia
 e - a scroll of teleportation {unknown}
 f - a scroll of remove curse
 l - a scroll of enchant weapon {unknown}
 o - a scroll of recharging
Potions
 i - a potion of curing {unknown}
 k - a potion of lignification {unknown}
Books
 c - a book of Maledictions

   Spells                             Type                      Level
   a - Corona                         Hexes                        1
   b - Ensorcelled Hibernation        Hexes/Ice                    2
   c - Confuse                        Hexes                        3
   d - Tukima's Dance                 Hexes                        3
   e - Dazzling Spray                 Conjuration/Hexes            3
 s - a book of Cantrips

   Spells                             Type                      Level
   a - Confusing Touch                Hexes                        1
   b - Animate Skeleton               Necromancy                   1
   c - Summon Small Mammal            Summoning                    1
   d - Apportation                    Translocation                1
Comestibles
 d - a bread ration
 h - a royal jelly
 j - 3 meat rations


   Skills:
 + Level 1.3 Fighting
 + Level 2.3 Short Blades
 + Level 3.1 Dodging
 + Level 5.0 Stealth
 + Level 2.2 Spellcasting
 + Level 3.5 Hexes
 + Level 1.2 Ice Magic


You had 2 spell levels left.
You knew the following spells:

 Your Spells              Type           Power        Failure   Level  Hunger
a - Corona                Hex            ##.....      5%          1    #......
b - Ensorcelled Hibernat  Hex/Ice        #.....       13%         2    ###....
c - Tukima's Dance        Hex            ##......     17%         3    ###....


Dungeon Overview and Level Annotations

Branches:
Dungeon (3/15)

Altars:

Annotations:
D:3 Robin; zebratul's ghost, novice MfTm


Message History

Robin zaps a wand.
The puff of flame hits you!
* * * LOW HITPOINT WARNING * * *
Okay, then.
Okay, then.
You see here a mace.
Casting: Ensorcelled Hibernation
Confirm with . or Enter, or press ? or * to list all spells.
Aiming: Ensorcelled Hibernation
Press: ? - help, Shift-Dir - straight line, f/p - Robin
Aim: Robin, wielding a falchion, wearing an animal skin, wearing a helmet and carrying a wand of flame (?/48) {zapped: 4} (unusually strong, chance to defeat MR: 49%) Robin resists with some effort.
There is an open door here.
A bat comes into view.
Robin zaps a wand.
The puff of flame hits you!
* * * LOW HITPOINT WARNING * * *
Robin zaps a wand.
The puff of flame misses you.
Robin zaps a wand.
The puff of flame hits you!
* * * LOW HITPOINT WARNING * * *
Robin zaps a wand.
The puff of flame hits you!
You die...

##.#.....)..# #.......# #
#.#.#'###### #.......#
#.#.#. #.......# #.#.#
#.......# #.#.# #..(......
#.#.# #......... ##.# .##
#.# ...# ... #.# ######.#
#@##### # #.#.#####
.#.....###### # #.......#
.#...........# ####.......#
.#...........# ...........#
.#...........#
####.......###.#...........#
#(......##..#g..........#
###'######.##...........#
#.........#............


You could see Robin.

Vanquished Creatures
  Natasha (thrice) (D:3 D:2)
  An ooze (D:3)
  2 dart slugs (D:2)
  2 giant cockroaches (D:1)
  11 goblins
  6 hobgoblins
  4 jackals (D:2)
  A quokka (D:2)
  5 bats
  4 frilled lizards
  11 kobolds
  7 rats
57 creatures vanquished.

Notes
Turn   | Place    | Note
-------+----------+-------------------------------------------
     0 | D:1      | Kosschaser the Merfolk Enchanter began the quest for the Orb.
     0 | D:1      | Reached XP level 1. HP: 13/13 MP: 3/3
   140 | D:1      | Reached XP level 2. HP: 15/19 MP: 5/5
   144 | D:1      | Learned a level 2 spell: Ensorcelled Hibernation
   951 | D:2      | Reached skill level 4 in Stealth
   952 | D:2      | Reached XP level 3. HP: 24/24 MP: 3/6
  1293 | D:2      | Learned a level 3 spell: Tukima's Dance
  1602 | D:3      | Noticed Natasha
  1622 | D:3      | Killed Natasha
  1622 | D:3      | Reached XP level 4. HP: 21/31 MP: 2/7
  1630 | D:3      | Noticed Natasha
  1696 | D:3      | Noticed zebratul's ghost (novice MfTm)
  1705 | D:2      | Killed Natasha
  1756 | D:2      | Noticed Natasha
  1775 | D:2      | Killed Natasha
  1775 | D:2      | Reached skill level 1 in Fighting
  1775 | D:2      | Reached XP level 5. HP: 27/37 MP: 1/8
  2023 | D:3      | Reached skill level 5 in Stealth
  2118 | D:3      | Reached skill level 1 in Ice Magic
  2185 | D:3      | Noticed Robin
  2253 | D:3      | Killed from afar by Robin

Skill      XL: |  1  2  3  4  5 |
---------------+----------------+-----
Stealth        | 4 5 |  5.0
Dodging        | 3 |  3.1
Short Blades   | 2 |  2.3
Fighting       | 1 |  1.3
Ice Magic      | 1 |  1.2
Spellcasting   | |  2.2
Hexes          | |  3.5

Action                   |  1- 3 |  4- 6 || total
-------------------------+-------+-------++-------
Melee: Dagger            |    75 |       ||    75
       Short sword       |    31 |    73 ||   104
 Cast: Ensorcelled Hiber |    22 |    11 ||    33
  Use: Scroll            |       |     4 ||     4
 Stab: Sleeping          |    24 |     9 ||    33
  Eat: Chunk             |     4 |     3 ||     7
Armor: Robe              |    33 |    14 ||    47
Dodge: Dodged            |    78 |    33 ||   111
